Map: 亚历山大港 - 天梯版

Players

Lambo - Winner!

  • Race: Zerg Zerg
  • League: Gold

StriKE

  • Race: Terran Terran
  • League: Grandmaster

Event: WESG 2018 Grand Finals

VOD

Have the link to the VOD?

Description

Time

  • Played on: March 11, 2019, 4:05 a.m.
  • Length: 12:56

All games in this series

Show
View Real Time Build Order
Export as new Build Order

Lambo Zerg - Winner!

Build Orders: Hatch First 

Get SALT Encoding   

  12  0:01  Drone  
  13  0:12  Overlord  
  13  0:18  Drone  
  14  0:31  Drone x2  
  16  0:49  Hatchery  
  15  0:52  Drone  
  15  0:56  Drone  
  17  0:59  Drone  
  18  1:10  Extractor  
  17  1:15  Spawning Pool  
  17  1:18  Drone  
  17  1:21  Drone  
  18  1:28  Drone  
  19  1:39  Drone  
  20  1:50  Overlord  
  20  2:01  Queen x2  
  20  2:02  Zergling x4  
  26  2:11  Metabolic Boost  
  26  2:12  Drone  
  26  2:13  Drone  
  28  2:21  Drone  
  29  2:23  Drone  
  30  2:41  Hatchery  
  30  2:43  Drone  
  30  2:46  Drone  
  30  2:50  Pneumatized Carapace  
  31  2:57  Drone  
  31  2:58  Overlord  
  32  3:02  Drone x2  
  34  3:08  Drone  
  35  3:14  Drone  
  35  3:16  Drone  
  35  3:17  Drone x2  
  35  3:19  Overlord  
  39  3:25  Queen  
  41  3:29  Drone  
  41  3:34  Queen  
  44  3:44  Drone  
  44  3:45  Drone  
  44  3:47  Drone x3  
  49  3:49  Overlord  
  49  3:52  Queen  
  49  3:55  Drone x2  
  53  3:59  Drone  
  54  4:03  Zergling x4  
  54  4:06  Lair  
  56  4:11  Drone x2  
  56  4:14  Drone x2, Extractor  
  56  4:15  Extractor  
  56  4:16  Overlord  
  58  4:19  Drone  
  58  4:21  Drone  
  58  4:23  Overlord  
  60  4:25  Drone  
  61  4:32  Drone x2  
  61  4:34  Drone x2  
  61  4:35  Overlord  
  61  4:36  Drone x3  
  68  4:40  Drone  
  68  4:44  Queen  
  71  4:49  Queen  
  71  4:50  Extractor  
  71  4:52  Overlord, Drone  
  73  4:54  Drone x2  
  73  4:57  Spore Crawler  
  74  5:00  Drone, Extractor  
  74  5:03  Queen  
  76  5:08  Spire  
  76  5:11  Spore Crawler  
  76  5:12  Spore Crawler  
  76  5:14  Drone x2  
  74  5:17  Drone  
  74  5:19  Drone x2  
  74  5:20  Drone  
  79  5:26  Drone x3  
  79  5:27  Drone x2  
  84  5:29  Drone x2  
  84  5:35  Extractor  
  85  5:36  Overlord  
  85  5:37  Drone x2  
  85  5:41  Evolution Chamber  
  86  5:43  Overseer  
  86  5:49  Drone  
  87  5:50  Spore Crawler x2  
  87  5:52  Spore Crawler, Drone  
  85  5:58  Drone  
  85  6:02  Overlord  
  86  6:06  Overlord  
  84  6:23  Corruptor  
  84  6:24  Corruptor x6  
  98  6:28  Corruptor  
  98  6:32  Zerg Ground Armor Level 1  
  100  6:36  Baneling Nest, Drone x2  
  101  6:48  Corruptor  
  101  6:49  Corruptor  
  105  6:54  Drone x9  
  114  7:06  Hatchery  
  109  7:08  Drone x5  
  109  7:15  Overlord  
  113  7:16  Zerg Flyer Armor Level 1  
  113  7:21  Overlord  
  113  7:31  Overlord  
  113  7:32  Centrifical Hooks  
  113  7:38  Evolution Chamber  
  113  7:39  Zergling x18  
  113  7:40  Hatchery  
  113  7:41  Baneling x3  
  120  7:52  Zergling x18  
  120  7:55  Baneling x3  
  120  7:58  Zergling x2  
  130  8:03  Zergling x6  
  130  8:04  Baneling x7  
  130  8:05  Zerg Melee Weapons Level 1  
  133  8:08  Zergling x6  
  133  8:10  Zergling x2  
  137  8:18  Zergling x18  
  126  8:30  Zergling x8  
  126  8:31  Zerg Ground Armor Level 2  
  129  8:36  Infestation Pit  
  129  8:37  Extractor  
  129  8:38  Drone x4  
  131  8:48  Drone x6  
  135  8:49  Zergling x6  
  135  8:50  Baneling x7  
  140  8:56  Zergling x8, Baneling  
  140  8:57  Baneling x6  
  144  9:09  Zergling x12  
  150  9:18  Hive  
  150  9:20  Zergling x4  
  149  9:28  Overlord  
  149  9:32  Overlord  
  149  9:36  Overlord x2  
  149  9:37  Overlord  
  149  9:38  Overlord  
  147  9:39  Overlord x2  
  147  9:40  Overlord, Corruptor  
  147  9:41  Corruptor  
  147  9:43  Zerg Flyer Armor Level 2  
  149  9:46  Drone x2  
  149  9:47  Drone x4  
  149  9:50  Zergling x6  
  149  9:51  Baneling x8  
  158  9:53  Overlord  
  158  9:56  Zergling x10  
  158  9:57  Drone  
  164  10:10  Zergling x28  
  164  10:11  Baneling x2  
  178  10:14  Overlord  
  178  10:17  Baneling x10  
  178  10:19  Zergling x4  
  180  10:28  Baneling x10  
  180  10:30  Zergling x14  
  180  10:34  Zerg Melee Weapons Level 2  
  187  10:36  Ultralisk Cavern  
  187  10:38  Adrenal Glands  
  187  10:40  Zergling x6  
  189  10:45  Zergling x12  
  195  10:55  Zergling x12  
  199  11:00  Zergling x6  
  197  11:05  Zergling x10  
  193  11:19  Baneling x7  
  193  11:21  Hatchery  
  193  11:22  Zergling x14  
  199  11:28  Chitinous Plating  
  197  11:42  Ultralisk  
  195  11:54  Zergling x24  
  199  11:59  Zergling x2  
  199  12:00  Zergling x8  
  197  12:08  Baneling x6  
  197  12:09  Baneling x5  
  196  12:19  Baneling x10  
  187  12:25  Zergling x20  
  192  12:30  Zergling x18  
  192  12:33  Zergling x12  
Show
View Real Time Build Order
Export as new Build Order

StriKE Terran 

Build Orders: Command Center First (CC) 

Get SALT Encoding   

  12  0:00  SCV  
  13  0:12  SCV  
  14  0:18  Supply Depot  
  14  0:25  SCV  
  15  0:39  SCV  
  16  0:51  SCV  
  17  1:02  Command Center  
  17  1:05  SCV  
  18  1:16  Barracks  
  18  1:20  SCV  
  19  1:27  Refinery  
  19  1:32  Refinery  
  19  1:33  SCV  
  20  1:45  SCV  
  21  1:57  SCV  
  22  2:03  Marine  
  23  2:10  Orbital Command  
  23  2:13  Orbital Command  
  23  2:20  Factory  
  23  2:22  Marine  
  24  2:36  SCV  
  25  2:39  SCV  
  25  2:40  Marine  
  27  2:49  SCV  
  28  2:52  SCV  
  28  2:57  Marine  
  30  3:01  SCV  
  30  3:04  Hellion  
  33  3:08  Supply Depot  
  33  3:12  Starport  
  33  3:13  Starport  
  33  3:18  SCV x2  
  35  3:30  SCV  
  35  3:32  Factory Tech Lab  
  36  3:35  Refinery  
  36  3:36  Refinery  
  36  3:39  SCV  
  37  3:42  SCV  
  37  3:44  Supply Depot  
  38  3:53  Fusion Core  
  38  3:58  Starport Tech Lab x2  
  38  4:07  Siege Tank  
  38  4:09  SCV x2  
  43  4:21  SCV  
  43  4:23  SCV  
  45  4:25  Supply Depot  
  45  4:28  Supply Depot  
  43  4:42  Battlecruiser  
  49  4:52  SCV x2  
  51  4:56  Battlecruiser  
  57  5:04  SCV x2  
  57  5:05  Command Center  
  57  5:06  Supply Depot  
  59  5:10  Barracks Tech Lab  
  59  5:16  SCV  
  59  5:17  SCV  
  59  5:20  Weapon Refit  
  61  5:24  Siege Tank  
  64  5:28  SCV  
  64  5:30  Supply Depot x2  
  64  5:33  Marine  
  64  5:34  Stimpack  
  64  5:35  SCV  
  67  5:41  SCV  
  68  5:47  SCV  
  68  5:49  Barracks  
  69  5:51  Barracks  
  69  5:53  SCV  
  70  5:57  Siege Tank  
  70  5:58  Marine  
  70  5:59  SCV  
  75  6:05  SCV  
  76  6:12  Engineering Bay  
  76  6:13  Engineering Bay  
  76  6:21  Marine  
  76  6:24  Orbital Command  
  77  6:25  SCV  
  78  6:35  Barracks  
  78  6:36  Barracks  
  78  6:38  Barracks Reactor x2  
  78  6:39  Marine  
  79  6:44  Terran Infantry Weapons Level 1, Terran Infantry Armor Level 1  
  79  6:46  SCV x2  
  81  6:49  Supply Depot  
  81  6:51  Supply Depot  
  81  6:59  Orbital Command  
  81  7:00  Marine  
  85  7:01  Medivac x2, Siege Tank  
  89  7:15  Marine x4  
  85  7:18  Marine  
  85  7:21  SCV  
  89  7:24  SCV  
  89  7:25  Missile Turret  
  89  7:26  Barracks Reactor x2  
  90  7:30  Missile Turret  
  90  7:32  SCV  
  90  7:36  Marine  
  92  7:37  Combat Shield, Supply Depot  
  92  7:39  Siege Tank, Supply Depot  
  92  7:43  Marine x3  
  92  7:44  Marine  
  98  7:48  SCV x2  
  101  7:55  Marine  
  102  7:59  Medivac x2, Supply Depot  
  102  8:00  Marine, Supply Depot  
  102  8:01  Marine x2  
  102  8:23  Marine x3  
  102  8:25  SCV x2  
  90  8:29  Barracks  
  90  8:30  Marine x4  
  90  8:31  Siege Tank  
  90  8:32  Medivac  
  93  8:41  Marine x2  
  93  8:42  Armory  
  93  8:43  SCV x2  
  93  8:44  Marine  
  93  8:48  Marine x2  
  99  8:49  SCV  
  99  8:53  Supply Depot  
  99  8:54  Supply Depot  
  99  8:55  Marine x2, SCV  
  101  8:59  Marine x2  
  101  9:02  Marine  
  107  9:03  Siege Tank  
  107  9:06  Marine  
  107  9:07  Command Center  
  107  9:08  Refinery x2, SCV x2  
  113  9:11  Marine  
  113  9:16  Factory  
  114  9:17  Marine x3  
  117  9:32  Marine  
  117  9:33  Marine x2  
  120  9:39  Marine x3  
  120  9:40  Medivac, Marine x2, Siege Tank  
  120  9:41  Medivac  
  126  9:50  SCV x2  
  128  9:53  Marine x2  
  128  9:56  Supply Depot x2  
  128  9:59  Marine x2  
  132  10:01  Factory Tech Lab  
  132  10:03  Supply Depot  
  132  10:04  Marine  
  132  10:05  Marine  
  134  10:07  Terran Infantry Weapons Level 2, Terran Infantry Armor Level 2  
  134  10:08  Terran Vehicle Weapons Level 1  
  134  10:10  Marine x2  
  134  10:12  Marine x2, Siege Tank  
  134  10:13  Medivac  
  134  10:33  Marine  
  134  10:34  Marauder, Marine x3  
  134  10:35  Medivac, Siege Tank  
  145  10:42  Marine  
  146  10:44  Siege Tank  
  146  10:48  Barracks  
  149  10:51  Barracks  
  149  10:52  Barracks  
  149  10:56  Marauder, Marine  
  142  11:08  Planetary Fortress  
  130  11:17  Marauder  
  130  11:18  Marine x2  
  130  11:20  Marine  
  130  11:21  Factory Tech Lab, Sensor Tower, SCV x2  
  135  11:37  Marine x7  
  135  11:39  Marauder  
  143  11:48  Marine  
  131  11:54  Marine  
  131  11:55  Marine x5  
  131  12:00  Marine x2  
  116  12:09  Marine  
  109  12:20  Marine x2  
  82  12:31  Marine  
Tags
 
Add a new tag
Caveats
  • Supply blocks, unpowered buildings, or Contaminate may cause inaccurate times.
  • Supply counts are checked every 10 seconds.